Map: Acid Plant LE

Players

Nerchio - Winner!

  • Race: Zerg Zerg
  • Spawn Location: 11:00

JonSnow

  • Race: Zerg Zerg
  • Spawn Location: 5:00

Event: WESG 2017 Haikou

VOD

Have the link to the VOD?

Description

Time

  • Played on: March 13, 2018, 3:03 a.m.
  • Length: 10:32

All games in this series

Show
View Real Time Build Order
Export as new Build Order

Nerchio Zerg - Winner!

Build Orders: Hatch First 

Get SALT Encoding   

  12  0:00  Drone  
  13  0:13  Overlord  
  13  0:17  Drone  
  14  0:31  Drone x2  
  14  0:34  Drone  
  17  0:51  Hatchery  
  17  0:55  Drone  
  17  0:58  Drone  
  18  1:06  Extractor  
  17  1:13  Spawning Pool  
  17  1:17  Drone  
  17  1:20  Drone  
  18  1:29  Drone  
  19  1:39  Overlord  
  19  1:50  Drone  
  20  2:00  Zergling x2, Queen  
  23  2:03  Zergling x2, Queen  
  23  2:08  Metabolic Boost  
  26  2:12  Drone  
  26  2:14  Drone  
  28  2:22  Drone  
  29  2:24  Drone  
  30  2:41  Drone  
  30  2:42  Hatchery  
  30  2:43  Drone  
  31  2:49  Baneling Nest  
  30  2:51  Drone  
  31  3:00  Drone  
  31  3:02  Overlord  
  32  3:07  Zergling x6  
  35  3:14  Zergling x2  
  35  3:19  Queen  
  36  3:23  Drone x3  
  36  3:24  Zergling x2  
  42  3:30  Zergling x4  
  42  3:33  Baneling x4  
  44  3:36  Overlord  
  43  3:49  Overlord  
  43  3:57  Drone x3  
  43  3:58  Drone x3  
  43  3:59  Baneling x2  
  49  4:06  Drone x3  
  50  4:17  Queen x2  
  50  4:22  Zergling x6  
  54  4:27  Zergling x4  
  54  4:28  Zergling x4  
  54  4:29  Zergling x4  
  59  4:33  Baneling  
  59  4:35  Zergling x4  
  59  4:37  Evolution Chamber  
  59  4:41  Queen  
  59  4:43  Drone x2  
  59  4:44  Drone  
  62  4:46  Drone  
  63  4:53  Drone x2  
  63  4:55  Drone  
  63  4:59  Drone x3  
  66  5:00  Baneling  
  66  5:01  Baneling  
  66  5:03  Zerg Missile Weapons Level 1, Overlord  
  66  5:05  Extractor  
  66  5:06  Overlord  
  65  5:11  Overlord  
  64  5:16  Roach Warren  
  64  5:20  Zergling x6  
  66  5:22  Zergling x4  
  66  5:24  Zergling x4  
  67  5:29  Zergling x2  
  67  5:30  Zergling x2  
  67  5:35  Drone x3  
  71  5:36  Drone x2  
  71  5:37  Drone  
  71  5:39  Drone x2  
  71  5:41  Baneling x2  
  71  5:42  Drone  
  72  5:45  Extractor  
  72  5:46  Drone  
  72  5:49  Extractor  
  71  5:50  Drone x2  
  71  5:53  Baneling x2  
  73  6:01  Drone x3  
  69  6:04  Zergling x6  
  69  6:06  Zergling x2  
  69  6:11  Queen  
  72  6:18  Drone x2  
  71  6:20  Roach x6  
  71  6:24  Overlord  
  82  6:26  Overlord  
  82  6:30  Overlord  
  82  6:32  Extractor  
  81  6:33  Lair  
  81  6:35  Extractor  
  81  6:37  Overlord  
  80  6:45  Roach x5  
  80  6:46  Zergling x6  
  90  6:50  Queen  
  90  6:51  Drone x2  
  93  6:56  Drone x3  
  93  6:57  Drone  
  93  6:58  Drone x2  
  93  6:59  Drone  
  100  7:10  Roach  
  100  7:11  Roach x2  
  106  7:18  Overlord  
  106  7:24  Drone  
  106  7:25  Roach x4  
  106  7:27  Overlord  
  115  7:31  Hatchery  
  115  7:32  Zerg Missile Weapons Level 2  
  115  7:34  Drone  
  115  7:35  Overseer, Evolution Chamber  
  114  7:37  Roach  
  114  7:39  Roach  
  114  7:41  Roach  
  114  7:43  Roach  
  122  7:46  Roach x2  
  122  7:48  Roach  
  122  7:51  Roach  
  130  7:53  Roach x2  
  130  7:57  Overlord x2  
  134  8:01  Roach  
  134  8:02  Roach  
  135  8:07  Hydralisk Den, Overlord  
  135  8:11  Zerg Ground Armor Level 1  
  134  8:14  Overlord  
  134  8:17  Roach x2  
  138  8:22  Glial Reconstitution  
  138  8:23  Drone x2  
  140  8:28  Pneumatized Carapace  
  140  8:30  Overlord x2  
  142  8:34  Drone x2  
  142  8:39  Hydralisk, Grooved Spines  
  142  8:40  Lurker Den  
  143  8:42  Spore Crawler  
  143  8:45  Spore Crawler  
  143  8:47  Hydralisk  
  143  8:50  Spore Crawler  
  143  8:52  Hydralisk  
  144  8:56  Hydralisk x2  
  144  8:59  Hydralisk  
  150  9:03  Spore Crawler  
  150  9:04  Drone x3  
  150  9:09  Overlord x2  
  152  9:10  Hydralisk  
  152  9:13  Hydralisk  
  152  9:15  Hydralisk  
  158  9:17  Hydralisk  
  160  9:24  Drone  
  160  9:25  Drone x2  
  160  9:26  Overlord  
  160  9:31  Roach x3  
  167  9:34  Roach  
  167  9:36  Roach  
  167  9:37  Roach  
  177  9:38  Roach  
  177  9:41  Roach x2  
  177  9:43  Overlord  
  181  9:46  Roach  
  181  9:47  Unknown  
  181  9:49  Roach x2  
  189  9:53  Roach x2  
  181  10:01  Roach x5  
  181  10:03  Roach x2  
  181  10:05  Roach  
  189  10:07  Roach  
  189  10:09  Roach x2  
  189  10:11  Roach  
  189  10:13  Roach  
  175  10:21  Unknown  
Show
View Real Time Build Order
Export as new Build Order

JonSnow Zerg 

Build Orders: Hatch First 

Get SALT Encoding   

  12  0:00  Drone  
  13  0:12  Overlord  
  13  0:18  Drone  
  14  0:31  Drone x2  
  14  0:35  Drone  
  17  0:52  Hatchery  
  17  0:56  Drone  
  17  0:58  Drone  
  17  1:02  Extractor  
  17  1:08  Drone  
  18  1:18  Spawning Pool  
  17  1:20  Drone  
  18  1:35  Drone  
  19  1:41  Overlord  
  19  1:55  Drone  
  19  2:00  Drone  
  21  2:04  Metabolic Boost, Queen  
  21  2:05  Queen  
  25  2:08  Drone  
  25  2:11  Drone  
  27  2:18  Zergling x2  
  28  2:23  Zergling x2  
  29  2:34  Hatchery  
  28  2:37  Zergling x2  
  28  2:39  Drone  
  30  2:47  Baneling Nest  
  30  2:48  Drone  
  30  2:49  Drone  
  31  3:04  Zergling x4  
  31  3:05  Zergling x4  
  34  3:09  Drone  
  35  3:15  Overlord  
  35  3:29  Drone  
  35  3:33  Baneling x4  
  36  3:34  Zergling x8  
  36  3:35  Zergling x2  
  36  3:38  Queen  
  43  3:45  Drone  
  43  3:46  Drone  
  44  3:51  Evolution Chamber  
  44  3:52  Zergling x10  
  48  4:01  Drone  
  49  4:04  Overlord  
  49  4:06  Overlord  
  48  4:13  Drone  
  48  4:14  Drone x2  
  48  4:15  Baneling  
  49  4:24  Drone x6  
  46  4:25  Baneling  
  46  4:29  Drone x2  
  52  4:32  Zerg Missile Weapons Level 1  
  52  4:38  Drone x3  
  55  4:44  Extractor  
  53  4:48  Roach Warren  
  51  4:59  Zergling x14  
  55  5:02  Drone  
  55  5:04  Baneling x2  
  55  5:05  Drone x2  
  55  5:06  Drone  
  59  5:11  Zergling x4  
  59  5:12  Queen  
  57  5:17  Extractor  
  57  5:19  Drone x5  
  59  5:24  Drone x2  
  59  5:25  Drone  
  60  5:28  Zergling x2  
  60  5:29  Zergling x2  
  62  5:40  Zergling x2  
  61  5:43  Lair  
  61  5:47  Drone  
  61  5:48  Drone x3  
  65  5:50  Baneling x2  
  65  6:04  Drone x2  
  65  6:06  Drone x2  
  65  6:09  Drone  
  65  6:15  Drone x2  
  64  6:23  Queen  
  64  6:27  Overlord  
  64  6:28  Overlord x2  
  64  6:33  Extractor  
  63  6:43  Roach x5  
  63  6:46  Roach  
  63  6:47  Roach x2  
  72  6:52  Drone x3  
  72  6:53  Spire  
  73  6:54  Roach x2  
  73  6:55  Roach x3, Zergling x2  
  84  7:05  Roach x2  
  84  7:06  Roach  
  90  7:09  Overlord  
  90  7:11  Overlord x2  
  90  7:14  Overlord x2  
  90  7:21  Baneling  
  90  7:22  Baneling  
  90  7:25  Overlord  
  90  7:30  Overlord  
  90  7:33  Extractor  
  90  7:34  Extractor  
  88  7:40  Drone x8  
  96  7:44  Glial Reconstitution  
  96  7:46  Zerg Missile Weapons Level 2  
  96  7:49  Hatchery, Overseer, Drone  
  95  8:06  Mutalisk  
  95  8:07  Mutalisk x3  
  95  8:09  Drone x4  
  107  8:18  Roach x3  
  113  8:20  Roach x3  
  113  8:21  Ravager  
  113  8:24  Overlord  
  120  8:27  Roach  
  120  8:28  Ravager  
  120  8:31  Roach  
  125  8:36  Roach  
  125  8:37  Roach  
  129  8:43  Roach  
  129  8:44  Roach x3  
  137  8:50  Drone  
  137  8:52  Overlord  
  137  8:53  Overlord  
  137  8:54  Unknown x2  
  137  8:55  Overlord x3  
  138  9:05  Roach  
  138  9:06  Roach x2, Overlord x2  
  144  9:11  Overlord  
  144  9:13  Ravager  
  144  9:14  Ravager x5  
  150  9:20  Drone x4  
  150  9:21  Drone x3  
  150  9:23  Extractor  
  156  9:27  Ravager x3  
  156  9:28  Overlord  
  159  9:32  Roach  
  159  9:33  Roach x2  
  165  9:40  Ravager x2  
  165  9:43  Roach x3  
  173  9:47  Roach x3  
  181  9:56  Roach  
  181  9:57  Roach  
  172  10:03  Roach x7  
  152  10:08  Roach x2  
  152  10:12  Roach x2  
Tags
 
Add a new tag
Caveats
  • Supply blocks, unpowered buildings, or Contaminate may cause inaccurate times.
  • Supply counts are checked every 10 seconds.